 Dungeon Crawl Stone Soup version 0.28.0-45-g0d030f2227 (webtiles) character file.

Game seed: 17860767033574116487

3 Labrat the Conjurer (level 1, -3/14 HPs)
             Began as a Demigod Conjurer on Mar 30, 2022.
             Slain by a hobgoblin (5 damage)
             ... on level 1 of the Dungeon.
             The game lasted 00:00:47 (112 turns).

Labrat the Conjurer (Demigod Conjurer)               Turns: 112, Time: 00:00:47

Health: -3/14      AC:  2    Str:  8    XL:     1   Next: 33%
Magic:  5/5        EV: 12    Int: 20    God:
Gold:   0          SH:  0    Dex: 12    Spells: 2/3 levels left

rFire   . . .      SeeInvis .   (no weapon)
rCold   . . .      Faith    .   (no shield)
rNeg    . . .      Spirit   .   a - +0 robe
rPois   .          Reflect  .   (no helmet)
rElec   .          Harm     .   (no cloak)
rCorr   .          Rampage  .   (no gloves)
Will    .....                   (no boots)
Stlth   ++........              (no amulet)
HPRegen 0.04/turn               (no ring)
MPRegen 0.09/turn               (no ring)

@: no status effects
A: high MP 1, forlorn, divine attributes
a: no special abilities


You were on level 1 of the Dungeon.
You visited 1 branch of the dungeon, and saw 2 of its levels.

Inventory:

Armour
 a - a +0 robe (worn)


   Skills:
 - Level 1.7 Dodging
 - Level 1.7 Stealth
 + Level 1.9 Spellcasting
 + Level 3.7 Conjurations


You had 2 spell levels left.
You knew the following spells:

 Your Spells              Type           Power      Damage    Failure   Level
a - Magic Dart            Conj           64%        1d6       3%          1

Your spell library contained the following spells:

 Spells                   Type           Power      Damage    Failure   Level
 Searing Ray              Conj           32%        2d5       5%          2
 Dazzling Flash           Conj/Hex       18%        N/A       22%         3
 Fulminant Prism          Conj/Hex       4%         3d6       58%         4
 Iskenderun's Mystic Bla  Conj/Tloc      9%         2d4       58%         4


Dungeon Overview and Level Annotations

Branches:
Dungeon (2/15)


Innate Abilities, Weirdness & Mutations

You have an increased reservoir of magic. (+10% MP)
You shall have no god before yourself.
Your divine heritage dramatically boosts your attributes as you level up.


Message History

A goblin comes into view. It is wielding a +0 club.
Casting: Magic Dart (safe; 3% risk of failure)
Confirm with . or Enter, or press ? or * to list all spells.
Aiming: Magic Dart (safe; 3% risk of failure)
Press: ? - help, Shift-Dir - straight line, f - goblin
Aim: a goblin, wielding a +0 club (asleep, 100% to hit)
The magic dart hits the goblin.
You kill the goblin!
A sourceless malevolence fills the Dungeon...
You fall into a shaft and drop 1 floor!
The shaft crumbles and collapses.
A hobgoblin and an adder come into view.
Found 3 scrolls labelled QAMPOU QASAGUB.
Found an escape hatch in the ceiling.
Found two stone staircases leading down and a stone staircase leading up. 2 hobgoblins come into view.
A frilled lizard comes into view.
The hobgoblin shouts!
You hear a shout!
The frilled lizard moves out of view.
A goblin comes into view. It is wielding a +0 club.
An endoplasm comes into view.
The endoplasm quivers.
The goblin unwields a +0 club.
The goblin wields a +0 hunting sling.
The goblin shoots a stone.
The stone hits you. The hobgoblin closely misses you. The hobgoblin misses you.
The hobgoblin hits you. The adder bites you but does no damage.
The adder closely misses you.
There is an escape hatch in the ceiling here.
The hobgoblin barely misses you.
The hobgoblin hits you but does no damage.
The adder bites you. A mysterious force pulls you upwards.
The hatch slams shut behind you.
Found a stone staircase leading down.
Unknown command.
A goblin comes into view. It is wielding a +0 dagger.
The hobgoblin hits you.
* * * LOW HITPOINT WARNING * * *
The hobgoblin hits you.
You die...

##.## .# #
..B. .#
#.##.#.##g#
..........#
#.....#.#
..###.....#
.>.....Sg#
.####..g@#
##.#.#
######
###.#
≈≈≈≈>###
#.#
≈≈..##.#
#.#
≈.###.<#
#.#
###....#
#.#
#.....##
..# .....##


You could see an adder, a giant cockroach (asleep), 2 hobgoblins and a goblin
(asleep).

Vanquished Creatures
  An endoplasm (D:1)
  A goblin (D:1)
  A rat (D:1)
3 creatures vanquished.

Notes
Turn   | Place    | Note
-------+----------+-------------------------------------------
     0 | D:1      | Labrat the Demigod Conjurer began the quest for the Orb.
     0 | D:1      | Reached XP level 1. HP: 14/14 MP: 5/5
   101 | D:1      | You fall into a shaft and drop 1 floor!
   112 | D:1      | Slain by a hobgoblin

Illustrated notes

Levels and vault maps discovered:
D:1:      evilmike_arrival_crescent, layout_loops_corners, st_stairs_4,
          minmay_octomino_e4
D:2:      layout_rooms

Action                   || total
-------------------------++-------
 Cast: Magic Dart        ||     5
Armor: Robe              ||     2
Dodge: Dodged            ||     4
